 Dungeon Crawl Stone Soup version 0.31.0-32-g396128a36d (webtiles) character file.

Game seed: 16527665797122050499

125968 Consumeair16 the Agnostic (level 16, -4/127 HPs)
             Began as a Gnoll Conjurer on Apr 7, 2024.
             Slain by an eight-headed hydra (7 damage)
             ... on level 4 of the Swamp.
             The game lasted 01:32:30 (24458 turns).

Consumeair16 the Agnostic (Gnoll Conjurer)         Turns: 24458, Time: 01:33:00

Health: -4/127     AC: 21    Str: 10    XL:     16   Next: 97%
Magic:  18/41      EV: 20    Int: 22    God:
Gold:   2285       SH: 11    Dex: 20    Spells: 4/40 levels left

rFire   . . .        Q - +7 demon trident (vamp)
rCold   + . .        K - +3 buckler of the Blessed Realm {rN+ Int+3 Dex+3 Slay+5}
rNeg    + . .        s - +3 troll leather armour {Pargi}
rPois   .            n - +2 helmet
rElec   +            y - +0 cloak
rCorr   .            c - +2 pair of gloves {Dex+3}
SInv    .            l - +2 pair of boots
Will    ++...        A - amulet of the acrobat
Stlth   +++++        d - ring "Duforit" {Fly rElec rC+ Will+}
HPRegen 1.21/turn    u - ring of magical power
MPRegen 0.27/turn

%: acrobat
@: about to teleport, flying, hasted, very quick
A: fangs 1, strong nose, distributed training, iridescent scales 1, mutation
resistance 1
a: no special abilities


You were on level 4 of the Swamp.
You visited 4 branches of the dungeon, and saw 25 of its levels.
You also visited: Sewer and Bailey.

You collected 2564 gold pieces.
You spent 279 gold pieces at shops.

Inventory:

Hand Weapons
 h - a +9 demon blade of electrocution
 t - the +0 quarterstaff of Dishonesty {heavy, *Slow rElec Dex+2}
   (You found it on level 1 of the Swamp)

   Dex+2:     It affects your dexterity (+2).
   rElec:     It insulates you from electricity.
   *Slow:     It may slow you when you take damage.
 O - the +10 halberd of Waonestu {flame, +Blink Will++ Dex-4 SInv}
   (You found it on level 5 of the Lair of Beasts)

   Dex-4:     It affects your dexterity (-4).
   Will++:    It greatly increases your willpower.
   SInv:      It lets you see invisible.
   +Blink:    It lets you blink.
 Q - a +7 vampiric demon trident (weapon)
 R - the +4 spear of Overwhelming Force {flame, Stlth+}
   (You found it on level 4 of the Lair of Beasts)

   Stlth+:    It makes you more stealthy.
 Z - a +2 rapier of distortion
Missiles
 e - 6 silver javelins
 r - 3 throwing nets
Armour
 c - a +2 pair of gloves of dexterity (worn)
 l - a +2 pair of boots (worn)
 n - a +2 helmet (worn)
 s - a +3 troll leather armour (worn) {Pargi}
 y - a +0 cloak (worn)
 D - +0 swamp dragon scales
 K - the +3 buckler of the Blessed Realm (worn) {rN+ Int+3 Dex+3 Slay+5}
   (You acquired it in a bailey)

   Int+3:     It affects your intelligence (+3).
   Dex+3:     It affects your dexterity (+3).
   Slay+5:    It affects your accuracy & damage with ranged weapons and melee
   (+5).
   rN+:       It protects you from negative energy.
Jewellery
 d - the ring "Duforit" (left hand) {Fly rElec rC+ Will+}
   (You bought it in a shop on level 5 of the Dungeon)

   [ring of flight]

   rC+:       It protects you from cold.
   rElec:     It insulates you from electricity.
   Will+:     It increases your willpower.
   Fly:       It grants you flight.
 u - a ring of magical power (right hand)
 A - an amulet of the acrobat (around neck)
 J - a +6 ring of intelligence
Wands
 a - a wand of mindburst (5)
 o - a wand of quicksilver (8)
 q - a wand of charming (15)
 C - a wand of flame (82)
Scrolls
 f - 6 scrolls of teleportation
 p - 3 scrolls of poison
 B - 5 scrolls of fog
 E - 4 scrolls of identify
 F - 2 scrolls of amnesia
 L - a scroll of vulnerability
 M - 2 scrolls of torment
 T - 3 scrolls of immolation
 V - 6 scrolls of fear
 X - 3 scrolls of revelation
Potions
 b - 5 potions of magic
 g - 7 potions of lignification
 i - 6 potions of enlightenment
 j - 9 potions of curing
 m - 3 potions of cancellation
 w - 7 potions of haste
 z - a potion of invisibility
 G - a potion of brilliance
 I - 4 potions of resistance
 N - 2 potions of ambrosia
 S - 2 potions of might
 U - a potion of berserk rage
Miscellaneous
 x - a phial of floods (inert)
 H - a condenser vane (inert)
 P - a phantom mirror (inert)
 W - a lightning rod (3/4)


   Skills:
 + Level 11.7 Fighting
 + Level 11.7 Short Blades
 + Level 11.7 Long Blades
 + Level 11.7 Axes
 + Level 11.7 Maces & Flails
 + Level 11.7 Polearms
 + Level 11.7 Staves
 + Level 11.7 Ranged Weapons
 + Level 11.7 Throwing
 + Level 11.7 Armour
 + Level 12.5 Dodging
 + Level 12.4 Stealth
 + Level 11.7 Shields
 + Level 11.7 Unarmed Combat
 + Level 12.6 Spellcasting
 + Level 12.1 Conjurations
 + Level 9.9 Hexes
 + Level 9.9 Summonings
 + Level 9.9 Necromancy
 + Level 9.9 Translocations
 + Level 9.9 Fire Magic
 + Level 9.9 Ice Magic
 + Level 9.9 Air Magic
 + Level 9.9 Earth Magic
 + Level 9.9 Alchemy
 + Level 12.7 Invocations
 + Level 11.7 Evocations
 + Level 10.7 Shapeshifting


You had 4 spell levels left.
You knew the following spells:

 Your Spells              Type           Power      Damage    Failure   Level
a - Magic Dart            Conj           100%       1d8       1%          1
b - Searing Ray           Conj           100%       2d8       1%          2
c - Iskenderun's Mystic   Conj/Tloc      58%        2d12      1%          4
d - Orb of Destruction    Conj           30%        9d10      38%         7
e - Arcjolt               Conj/Air       29%        1d39      2%          5
f - Hailstorm             Conj/Ice       58%        3d11      1%          3
g - Dimensional Bullseye  Hex/Tloc       27%        N/A       1%          4
h - Fulminant Prism       Conj/Alch      29%        3d14      1%          4
i - Sculpt Simulacrum     Ice/Alch       27%        N/A       19%         6

Your spell library contained the following spells:

 Spells                   Type           Power      Damage    Failure   Level
 Apportation              Tloc           100%       N/A       1%          1
 Freeze                   Ice            100%       1d10      1%          1
 Necrotise                Necr           100%       1d9       1%          1
 Sandblast                Erth           100%       2d20      1%          1
 Sting                    Conj/Alch      100%       1d9       1%          1
 Summon Small Mammal      Summ           100%       N/A       1%          1
 Blink                    Tloc           100%       N/A       1%          2
 Call Imp                 Summ           100%       N/A       1%          2
 Call Canine Familiar     Summ           55%        N/A       1%          3
 Dazzling Flash           Conj/Hex       100%       N/A       1%          3
 Frozen Ramparts          Ice            100%       1d16      1%          3
 Passwall                 Erth           55%        N/A       1%          3
 Sigil of Binding         Hex            55%        N/A       1%          3
 Stone Arrow              Conj/Erth      100%       3d13      1%          3
 Summon Ice Beast         Ice/Summ       55%        N/A       1%          3
 Volatile Blastmotes      Fire/Tloc      100%       2d18      1%          3
 Brom's Barrelling Bould  Conj/Erth      58%        2d7       1%          4
 Leda's Liquefaction      Alch/Erth      27%        N/A       1%          4
 Summon Blazeheart Golem  Fire/Summ      55%        N/A       1%          4
 Vhi's Electric Charge    Tloc/Air       100%       N/A       1%          4
 Lee's Rapid Deconstruct  Erth           27%        3d15*     3%          5
 Bombard                  Conj/Erth      29%        9d5       12%         6
 Starburst                Conj/Fire      29%        6d9       12%         6
 Plasma Beam              Fire/Air       27%        2x1d40    19%         6
 Maxwell's Capacitive Co  Air            27%        ∞         100%        8


Dungeon Overview and Level Annotations

Branches:
Dungeon (15/15)            Temple (1/1) D:5            Lair (5/5) D:10
  Swamp (4/4) Lair:3       Spider (0/4) Lair:2        Slime (0/5) Lair:5
    Orc (0/2) D:9          Vaults (0/5) D:13         Depths (0/4) D:15
  Sewer (visited)          Bailey (visited)

Altars:
Ashenzari
Cheibriados
Dithmenos
Elyvilon
Fedhas
Gozag
Hepliaklqana
Kikubaaqudgha
Makhleb
Nemelex Xobeh
Okawaru
Qazlal
Ru
Sif Muna
Trog
Uskayaw
Vehumet
Wu Jian
Xom
Yredelemnul
Zin
The Shining One
Lugonu

Shops:
D:1 :   D:5 *[

Portals:
Abyss: Lair:5

Annotations:
D:7 3 runed translucent doors, metalburner8's ghost, novice GrFi


Innate Abilities, Weirdness & Mutations

You have very sharp teeth.
Your uncanny sense of smell can sniff out nearby items.
Your experience applies equally to all skills.
You are partially covered in iridescent scales. (AC +2)
You are somewhat resistant to further mutation.


Message History

The six-headed hydra barely misses you. The six-headed hydra bites you!
The six-headed hydra closely misses you.
A five-headed hydra comes into view.
You feel extremely sick.
You block the six-headed hydra's attack.
The six-headed hydra completely misses you.
The six-headed hydra bites you!
* * * LOW HITPOINT WARNING * * *
The six-headed hydra misses you. The six-headed hydra bites you!
* * * LOW HITPOINT WARNING * * *
You block the six-headed hydra's attack.
You feel better. The six-headed hydra misses you.
The six-headed hydra bites you but does no damage.
You block the six-headed hydra's attack. x2
The six-headed hydra misses you.
The six-headed hydra closely misses you.
Unknown command.
Aiming: Thunderbolt
Press: ? - help, Q - select action, (/) - cycle Shift-Dir - straight line
Okay, then.
Blink to where?
Press: ? - help, Q - select action, (/) - cycle Dir - move target A four-headed hydra, a swamp drake and a goliath frog come into view.
Found a scroll of immolation.
As you read the scroll of blinking, it crumbles to dust.
Thorny briars emerge from the ground!
As you read the scroll of teleportation, it crumbles to dust.
You feel strangely unstable. You block the goliath frog's attack.
The thorn hunter fires a volley of thorns at you.
The volley of thorns hits you!!
* * * LOW HITPOINT WARNING * * *
The goliath frog closely misses you.
Casting: Arcjolt (dangerous; 2% risk of failure)
Confirm with . or Enter, or press ? or * to list all spells.
Okay, then.
You feel yourself speed up. The eight-headed hydra bites you!
* * * LOW HITPOINT WARNING * * *
You block the eight-headed hydra's attack.
The eight-headed hydra bites you!
You die...

##..≈.≈≈≈°≈≈..##.~..♣ ~~
#....≈≈§≈≈≈......~.[♣
~~..~~.~###....≈~≈......#♣†.†.
♣♣.~~~~~~.###....≈~....♣##..~..
♣.~~~~~~~~~###..D≈≈.#####..♣~.~
♣♣♣~~~~~~~~~~~♣###D####
#...♣♣♣.
♣.~~~~...~.~...##...?♣##~~~..∆
~§
.~~~~..♣~~.~....D....~..~....
~~
~~~.~~^~♣~~....~@.....♣.~...♣
~~ n~~.<.~♣ ♣~....PPPF.♣♣♣ ...
.~~..~♣♣ ♣♣~...PPPk~§♣ ♣.....~♣
♣♣...PPf...♣ ~~~D~♣~♣
♣♣~♣~D~§~~.. ~~~~♣♣♣~~
~♣♣D~~~~~~§~ ~~.. .~~ ..
♣♣~~~~~~~~ ..♣~ ~~~. ♣~.~~~~~~
~.♣♣ ~~~~


You could see a thorn hunter, an ice dragon (wandering), an eight-headed hydra,
a six-headed hydra, a five-headed hydra, a four-headed hydra (wandering), a
goliath frog and a swamp drake.

Vanquished Creatures
  Frances (D:13)
  A fenstrider witch (Swamp:3)
  Louise (D:15)
  The ghost of chippings the Arsonist, a journeyman DrWn of Uskayaw (Swamp:1)
  4 eleionomae
  Nessos (D:15)
  A minotaur (Lair:1)
  2 bunyips
  A shambling mangrove (Swamp:2)
  A yaktaur captain (D:15)
  The ghost of PaiMei the Tormented, a journeyman DsNe of Kikubaaqudgha (Lair:1)
  A sphinx zombie (D:15)
  An ogre mage (D:11)
  8 hydras
  4 catoblepae
  13 alligators
  2 centaur warriors
  2 ghost crabs
  A boulder beetle (D:11)
  8 two-headed ogres
  A tengu warrior (D:13)
  4 death yaks
  A sphinx skeleton (D:15)
  A vampire mage (D:15)
  4 thrashing horrors (Lair:5)
  Sonja (D:10)
  3 skeletal warriors
  A skyshark (Lair:2)
  A fire crab (Lair:4)
  A storm dragon zombie (D:15)
  6 goliath frogs
  5 spriggan druids
  5 bog bodies
  4 lindwurms
  A large abomination (Lair:5)
  An orc knight (D:15)
  8 swamp dragons
  A harpy (shapeshifter) (Lair:5)
  A necromancer (D:15)
  2 deep elf pyromancers
  16 ugly things
  4 will-o-the-wisps
  A wolf spider (Lair:2)
  3 manticores
  4 cyclopes
  2 black mambas
  14 cane toads
  A smoke demon (Lair:5)
  Maggie (D:9)
  22 elephants
  9 komodo dragons
  A rime drake (Swamp:4)
  8 yaktaurs
  3 polar bears
  A troll (D:13)
  9 tyrant leeches
  Prince Ribbit (D:8)
  4 hornets
  15 blink frogs
  Grinder (D:5)
  4 raiju (Lair:5)
  13 dream sheep
  7 slime creatures
  A jumping spider (Lair:2)
  A yak (shapeshifter) (Lair:5)
  7 spriggans
  4 wyverns
  10 basilisks
  53 yaks
  4 wraiths
  2 chaos spawn (Lair:5)
  4 steam dragons
  A warg (D:9)
  5 vampire mosquitoes
  Menkaure (D:5)
  13 swamp worms
  22 water moccasins
  3 swamp drakes (Swamp:4)
  Pargi (Sewer)
  17 orc warriors
  A laughing skull (D:12)
  6 black bears
  6 ogres
  5 centaurs
  A phantom (D:5)
  3 kobold brigands
  A brain worm (Sewer)
  16 bullfrogs
  A gnoll sergeant (D:9)
  4 scorpions
  11 small abominations (Lair:5)
  6 wights
  5 killer bees (D:9)
  17 howler monkeys
  2 bombardier beetles
  4 hounds
  4 jellies (Lair:5)
  8 orc priests
  Crazy Yiuf (D:5)
  3 iguanas
  8 orc wizards
  6 hell rats (Lair:2)
  13 gnolls
  3 adders
  2 shadow imps
  A white imp (D:7)
  2 ribbon worms
  A dart slug (D:1)
  42 orcs
  7 bats
  8 endoplasms
  3 giant cockroaches
  9 goblins
  5 hobgoblins
  2 jackals (D:2)
  4 quokkas
  11 ball pythons
  6 frilled lizards
  16 kobolds
  8 rats
662 creatures vanquished.

Vanquished Creatures (collateral kills)
  A two-headed ogre (D:11)
  A yak (D:5)
  A wight (D:5)
3 creatures vanquished.

Vanquished Creatures (others)
  2 bloated husks
  A yak (D:5)
  A small abomination (Lair:5)
  6 foxfires (Swamp:3)
  7 fulminant prisms
17 creatures vanquished.

Grand Total: 682 creatures vanquished

Notes
Turn   | Place    | Note
-------+----------+-------------------------------------------
     0 | D:1      | Consumeair16 the Gnoll Conjurer began the quest for the
                  | Orb.
     0 | D:1      | Reached XP level 1. HP: 13/13 MP: 6/6
   123 | D:1      | Found Jikets's Book Emporium.
   136 | D:1      | Reached XP level 2. HP: 19/19 MP: 0/7
   561 | D:1      | Reached skill level 5 in Spellcasting
   561 | D:1      | Reached XP level 3. HP: 25/25 MP: 3/9
   648 | D:1      | Found a faded altar of an unknown god.
   658 | D:1      | Prayed at the altar of an unknown god.
   658 | D:1      | Became a worshipper of Ru the Awakened
   928 | D:1      | Reached skill level 1 in Invocations
  1737 | D:2      | Reached skill level 1 in Fighting
  1737 | D:2      | Reached skill level 1 in Short Blades
  1737 | D:2      | Reached skill level 1 in Long Blades
  1737 | D:2      | Reached skill level 1 in Axes
  1737 | D:2      | Reached skill level 1 in Maces & Flails
  1737 | D:2      | Reached skill level 1 in Polearms
  1737 | D:2      | Reached skill level 1 in Staves
  1737 | D:2      | Reached skill level 1 in Ranged Weapons
  1737 | D:2      | Reached skill level 1 in Throwing
  1737 | D:2      | Reached skill level 1 in Armour
  1737 | D:2      | Reached skill level 1 in Shields
  1737 | D:2      | Reached skill level 1 in Unarmed Combat
  1737 | D:2      | Reached skill level 1 in Evocations
  1993 | D:2      | Identified 3 scrolls of acquirement
  1993 | D:2      | Acquired a +1 pair of gloves of dexterity
  2033 | D:2      | Acquired a +4 demon blade of electrocution
  2036 | D:2      | Acquired 1015 gold pieces
  2041 | D:2      | Learned a level 2 spell: Searing Ray
  2066 | D:3      | Got the Incunable of Concussion
  2229 | D:3      | Reached skill level 1 in Shapeshifting
  2229 | D:3      | Reached XP level 4. HP: 32/32 MP: 7/11
  2230 | D:3      | Reached skill level 1 in Hexes
  2230 | D:3      | Reached skill level 1 in Summonings
  2230 | D:3      | Reached skill level 1 in Necromancy
  2230 | D:3      | Reached skill level 1 in Translocations
  2230 | D:3      | Reached skill level 1 in Fire Magic
  2230 | D:3      | Reached skill level 1 in Ice Magic
  2230 | D:3      | Reached skill level 1 in Air Magic
  2230 | D:3      | Reached skill level 1 in Earth Magic
  2230 | D:3      | Reached skill level 1 in Alchemy
  2361 | D:3      | Found a glowing drain.
  2399 | Sewer    | Entered a sewer
  2421 | Sewer    | Noticed a brain worm
  2427 | Sewer    | Killed a brain worm
  2428 | Sewer    | Reached XP level 5. HP: 37/37 MP: 5/12
  2527 | Sewer    | Noticed Pargi
  2538 | Sewer    | Killed Pargi
  2539 | Sewer    | Reached skill level 5 in Dodging
  2539 | Sewer    | Reached XP level 6. HP: 35/44 MP: 7/14
  4179 | D:4      | Gained mutation: You are agile. (Dex +4, Str/Int -1)
                  | [potion of mutation]
  4179 | D:4      | Gained mutation: Your magical capacity is low. (-10% MP)
                  | [potion of mutation]
  4179 | D:4      | Gained mutation: Your muscles are strong. (Str +4, Int/Dex
                  | -1) [potion of mutation]
  4179 | D:4      | Gained mutation: You expend magic power (3 MP) to
                  | strengthen your wands. [potion of mutation]
  4180 | D:4      | Lost mutation: You expend magic power (3 MP) to strengthen
                  | your wands. [potion of mutation]
  4180 | D:4      | Lost mutation: Your muscles are strong. (Str +4, Int/Dex
                  | -1) [potion of mutation]
  4180 | D:4      | Lost mutation: Your magical capacity is low. (-10% MP)
                  | [potion of mutation]
  4180 | D:4      | Gained mutation: Your muscles are strong. (Str +4, Int/Dex
                  | -1) [potion of mutation]
  4180 | D:4      | Gained mutation: You occasionally lose the ability to drink
                  | potions when taking damage. [potion of mutation]
  4195 | D:5      | Entered Level 5 of the Dungeon
  4195 | D:5      | Noticed Grinder
  4197 | D:5      | Killed Grinder
  4198 | D:5      | Reached XP level 7. HP: 46/51 MP: 15/15
  4230 | D:5      | Noticed Menkaure
  4238 | D:5      | Killed Menkaure
  4239 | D:5      | Reached skill level 5 in Stealth
  4283 | D:5      | Found a staircase to the Ecumenical Temple.
  4410 | D:5      | Reached XP level 8. HP: 58/58 MP: 11/16
  4448 | D:5      | Found Juuz's Assorted Antiques.
  4457 | D:5      | Bought a scorched lapis lazuli ring for 155 gold pieces
  4457 | D:5      | Identified the ring "Duforit" {Fly rElec rC+ Will+} (You
                  | bought it in a shop on level 5 of the Dungeon)
  4457 | D:5      | Bought a shiny lead wand for 124 gold pieces
  4581 | D:5      | Noticed a yak
  4585 | D:5      | Noticed a yak
  4587 | D:5      | Killed a yak
  4588 | D:5      | Noticed a yak
  4591 | D:5      | Noticed a yak
  4591 | D:5      | Noticed a yak
  4595 | D:5      | Noticed a yak
  4597 | D:5      | Killed a yak
  4606 | D:5      | Killed a yak
  4612 | D:5      | Killed a yak
  4613 | D:5      | Reached XP level 9. HP: 65/65 MP: 9/18
  4717 | D:5      | Found a runed translucent door.
  4718 | D:5      | Noticed Crazy Yiuf
  4725 | D:5      | Killed Crazy Yiuf
  5005 | D:5      | Found Ulodd's Armour Shop.
  5660 | D:6      | Reached skill level 5 in Invocations
  6666 | D:7      | Reached skill level 5 in Fighting
  6666 | D:7      | Reached skill level 5 in Short Blades
  6666 | D:7      | Reached skill level 5 in Long Blades
  6666 | D:7      | Reached skill level 5 in Axes
  6666 | D:7      | Reached skill level 5 in Maces & Flails
  6666 | D:7      | Reached skill level 5 in Polearms
  6666 | D:7      | Reached skill level 5 in Staves
  6666 | D:7      | Reached skill level 5 in Ranged Weapons
  6666 | D:7      | Reached skill level 5 in Throwing
  6666 | D:7      | Reached skill level 5 in Armour
  6666 | D:7      | Reached skill level 5 in Shields
  6666 | D:7      | Reached skill level 5 in Unarmed Combat
  6666 | D:7      | Reached skill level 5 in Evocations
  6666 | D:7      | Reached XP level 10. HP: 66/74 MP: 20/20
  6771 | D:7      | Found a runed translucent gate.
  6772 | D:7      | Found a runed translucent gate.
  6772 | D:7      | Noticed metalburner8's ghost (novice GrFi)
  6773 | D:7      | Found a runed translucent gate.
  6775 | D:7      | Identified the +0 plate armour of Card Tricks {rF+++}
  6804 | D:7      | Learned a level 4 spell: Iskenderun's Mystic Blast
  7549 | D:8      | Found a stormy altar of Qazlal.
  7550 | D:8      | Found a blossoming altar of Fedhas.
  7571 | D:8      | Noticed Prince Ribbit
  7589 | D:8      | Killed Prince Ribbit
  7732 | D:8      | Learned a level 7 spell: Orb of Destruction
  7738 | D:8      | Learned a level 5 spell: Arcjolt
  7742 | D:8      | Learned a level 3 spell: Hailstorm
  8341 | D:9      | Reached skill level 5 in Shapeshifting
  8505 | D:9      | Found a flagged portal.
  8523 | Bailey   | Entered a bailey
  8820 | Bailey   | Reached skill level 5 in Hexes
  8820 | Bailey   | Reached skill level 5 in Summonings
  8820 | Bailey   | Reached skill level 5 in Necromancy
  8820 | Bailey   | Reached skill level 5 in Translocations
  8820 | Bailey   | Reached skill level 5 in Fire Magic
  8820 | Bailey   | Reached skill level 5 in Ice Magic
  8820 | Bailey   | Reached skill level 5 in Air Magic
  8820 | Bailey   | Reached skill level 5 in Earth Magic
  8820 | Bailey   | Reached skill level 5 in Alchemy
  8873 | Bailey   | Reached XP level 11. HP: 73/81 MP: 22/22
  8981 | Bailey   | Acquired the +3 buckler of the Blessed Realm {rN+ Int+3
                  | Dex+3 Slay+5}
  9050 | D:9      | Noticed Maggie
  9067 | D:9      | Killed Maggie
  9417 | D:9      | Found an ancient bone altar of Kikubaaqudgha.
  9440 | D:9      | Found a staircase to the Orcish Mines.
  9951 | D:10     | Entered Level 10 of the Dungeon
  9952 | D:10     | Noticed Sonja
  9964 | D:10     | Killed Sonja
 10167 | D:10     | Found a staircase to the Lair.
 10209 | D:10     | Found a white marble altar of Elyvilon.
 10215 | D:10     | Found a glowing silver altar of Zin.
 10215 | D:10     | Found a bloodstained altar of Trog.
 10216 | D:10     | Found a shadowy altar of Dithmenos.
 10217 | D:10     | Found a burning altar of Makhleb.
 10219 | D:10     | Found a hazy altar of Hepliaklqana.
 10220 | D:10     | Found a radiant altar of Vehumet.
 10259 | D:10     | Fell from the grace of Ru
 10259 | D:10     | Became a worshipper of Elyvilon the Healer
 10260 | D:10     | Fell from the grace of Elyvilon
 10746 | D:11     | Noticed a boulder beetle
 10775 | D:11     | Killed a boulder beetle
 10934 | D:11     | Noticed a two-headed ogre
 10940 | D:11     | Noticed a two-headed ogre
 10945 | D:11     | Killed a two-headed ogre
 10947 | D:11     | Killed a two-headed ogre
 10948 | D:11     | Noticed a two-headed ogre
 10948 | D:11     | Noticed a two-headed ogre
 10949 | D:11     | Noticed an ogre mage
 10949 | D:11     | Noticed a two-headed ogre
 10957 | D:11     | Noticed a two-headed ogre
 10969 | D:11     | Found a sacrificial altar of Ru.
 11036 | D:11     | Noticed a two-headed ogre
 11044 | D:11     | Killed a two-headed ogre
 11223 | D:10     | Reached XP level 12. HP: 91/91 MP: 24/24
 11330 | D:11     | Killed a two-headed ogre
 11330 | D:11     | Killed a two-headed ogre
 11337 | D:11     | Killed a two-headed ogre
 11343 | D:11     | Killed a two-headed ogre
 11350 | D:11     | Killed an ogre mage
 11815 | D:12     | Identified the +0 leather armour of the Ethereal God
                  | {Dex+2}
 12172 | D:12     | Noticed a tengu reaver
 12172 | D:12     | Noticed a storm dragon
 12172 | D:12     | Noticed a frost giant
 12262 | D:12     | Noticed a two-headed ogre
 12274 | D:12     | Killed a two-headed ogre
 12449 | D:12     | Noticed a two-headed ogre
 12459 | D:12     | Killed a two-headed ogre
 12757 | D:12     | Found a sparkling altar of Nemelex Xobeh.
 12961 | D:12     | Noticed a boulder beetle
 13069 | D:13     | Noticed a four-headed hydra
 13083 | D:13     | Killed a four-headed hydra
 13096 | D:13     | Reached XP level 13. HP: 61/98 MP: 8/26
 13464 | D:13     | Reached skill level 10 in Conjurations
 13493 | D:13     | Found a gate to the Vaults.
 13493 | D:13     | Noticed a vault guard
 13493 | D:13     | Noticed a vault guard
 13493 | D:13     | Noticed a vault guard
 13493 | D:13     | Noticed a vault guard
 13709 | D:13     | Noticed Frances
 13730 | D:13     | Killed Frances
 14175 | D:14     | Found a white marble altar of Elyvilon.
 14176 | D:14     | Found a glowing golden altar of the Shining One.
 14178 | D:14     | Found a glowing silver altar of Zin.
 14515 | D:14     | You are sucked into a shaft and drop 1 floor!
 14515 | D:15     | Entered Level 15 of the Dungeon
 14665 | D:15     | Noticed Nessos
 14671 | D:15     | Reached skill level 10 in Spellcasting
 14678 | D:15     | Killed Nessos
 14888 | D:15     | Reached skill level 10 in Dodging
 14949 | D:15     | Found a staircase to the Depths.
 15053 | D:15     | Learned a level 4 spell: Dimensional Bullseye
 15058 | D:15     | Learned a level 4 spell: Fulminant Prism
 15324 | D:15     | Noticed Louise
 15347 | D:15     | Killed Louise
 15348 | D:15     | Reached skill level 10 in Stealth
 15456 | D:15     | Noticed a yaktaur captain
 15485 | D:15     | Killed a yaktaur captain
 15755 | D:15     | Reached skill level 10 in Invocations
 15755 | D:15     | Reached XP level 14. HP: 74/108 MP: 15/28
 16067 | Lair:1   | Entered Level 1 of the Lair of Beasts
 16299 | Temple   | Entered the Ecumenical Temple
 16682 | Lair:1   | Noticed PaiMei's ghost (journeyman DsNe)
 16728 | Lair:1   | Found a runed translucent gate.
 16728 | Lair:1   | Found a runed translucent gate.
 16728 | Lair:1   | Found a runed translucent gate.
 16750 | Lair:1   | Killed PaiMei's ghost
 17809 | Lair:2   | Found a hole to the Spider Nest.
 18295 | Lair:3   | Reached skill level 10 in Fighting
 18295 | Lair:3   | Reached skill level 10 in Short Blades
 18295 | Lair:3   | Reached skill level 10 in Long Blades
 18295 | Lair:3   | Reached skill level 10 in Axes
 18295 | Lair:3   | Reached skill level 10 in Maces & Flails
 18295 | Lair:3   | Reached skill level 10 in Polearms
 18295 | Lair:3   | Reached skill level 10 in Staves
 18295 | Lair:3   | Reached skill level 10 in Ranged Weapons
 18295 | Lair:3   | Reached skill level 10 in Throwing
 18295 | Lair:3   | Reached skill level 10 in Armour
 18295 | Lair:3   | Reached skill level 10 in Shields
 18295 | Lair:3   | Reached skill level 10 in Unarmed Combat
 18295 | Lair:3   | Reached skill level 10 in Evocations
 18319 | Lair:3   | Found a staircase to the Swamp.
 18724 | Lair:3   | Reached XP level 15. HP: 73/115 MP: 30/30
 19044 | Lair:4   | Lost mutation: You occasionally lose the ability to drink
                  | potions when taking damage. [potion of mutation]
 19044 | Lair:4   | Lost mutation: Your muscles are strong. (Str +4, Int/Dex
                  | -1) [potion of mutation]
 19044 | Lair:4   | Lost mutation: You are agile. (Dex +4, Str/Int -1) [potion
                  | of mutation]
 19044 | Lair:4   | Gained mutation: You are weak. (Str -2) [potion of
                  | mutation]
 19109 | Lair:4   | Identified the +4 spear of Overwhelming Force {flame,
                  | Stlth+}
 19335 | Lair:4   | Lost mutation: You are weak. (Str -2) [potion of mutation]
 19335 | Lair:4   | Gained mutation: You are partially covered in iridescent
                  | scales. (AC +2) [potion of mutation]
 19335 | Lair:4   | Gained mutation: You are somewhat resistant to further
                  | mutation. [potion of mutation]
 19855 | Lair:5   | Entered Level 5 of the Lair of Beasts
 19976 | Lair:5   | Found a staircase to the Slime Pits.
 20863 | Lair:5   | Found a corrupted altar of Lugonu.
 20863 | Lair:5   | Found a one-way gate to the infinite horrors of the Abyss.
 21107 | Lair:5   | Identified the +10 halberd of Waonestu {flame, +Blink
                  | Will++ Dex-4 SInv}
 21870 | Lair:5   | Reached skill level 10 in Shapeshifting
 22164 | Swamp:1  | Entered Level 1 of the Swamp
 22185 | Swamp:1  | Identified the +0 quarterstaff of Dishonesty {heavy, *Slow
                  | rElec Dex+2}
 22188 | Swamp:1  | Found a runed translucent door.
 22200 | Swamp:1  | Reached XP level 16. HP: 55/124 MP: 25/32
 22261 | Swamp:1  | Noticed chippings's ghost (journeyman DrWn)
 22291 | Swamp:1  | Killed chippings's ghost
 23858 | Swamp:3  | Learned a level 6 spell: Sculpt Simulacrum
 24065 | Swamp:3  | Noticed a fenstrider witch
 24076 | Swamp:3  | Killed a fenstrider witch
 24193 | Swamp:4  | Entered Level 4 of the Swamp
 24433 | Swamp:4  | Noticed a thorn hunter
 24458 | Swamp:4  | HP: 3/127 [eight-headed hydra (8)]
 24458 | Swamp:4  | Slain by an eight-headed hydra

Illustrated notes

Levels and vault maps discovered:
D:1:      kilobyte_arrival_exit_the_forest, layout_basic,
          ebering_ecumenical_altar_box, serial_shops, shop
D:2:      layout_loops_ring
D:3:      layout_loops_corners, portal_sewer_entry_a, grunt_ministairs_14
D:4:      layout_gridville
D:5:      layout_loops_corners, minmay_temple_entry_junction, serial_shops,
          shop, nicolae_shop_advertising_works [nicolae_subvault_shop_adworks],
          uniq_crazy_yiuf_cottage, uniq_grinder, uniq_menkaure
D:6:      layout_gridville, serial_rivers, chequers_serial_rivers_micro_c,
          chequers_serial_rivers_micro_c, chequers_serial_rivers_large_b,
          chequers_serial_rivers_marsh
D:7:      layout_cave_pods, biasface_ghost_orc_armoury
D:8:      layout_loops_ring, grunt_temple_overflow_forces_of_nature,
          kennysheep_small_circle, uniq_prince_ribbit1
D:9:      layout_grid_maze, lemuel_round_altar, david_orc_3, enter_bailey_7,
          uniq_maggie
D:10:     layout_loops_ring, minitemple, grunt_lair_entry_orc_guard_hut,
          uniq_sonja
D:11:     layout_basic, nicolae_ru_awakened_eye
D:12:     minmay_heptahexagon, layout_stronghold, nemelex_diamond_rough_becter
D:13:     minmay_the_grid_triangle_9x9_recursive_3_mashed
          [minmay_the_grid_triangle_9x9_thin_v,
          minmay_the_grid_triangle_9x9_wacky_v,
          minmay_the_grid_triangle_9x9_alien,
          minmay_the_grid_triangle_9x9_prize_special,
          minmay_the_grid_triangle_9x9_warning,
          minmay_the_grid_triangle_9x9_windchime,
          minmay_the_grid_triangle_9x9_empty,
          minmay_the_grid_triangle_9x9_intruding_spiral,
          minmay_the_grid_triangle_9x9_odd_lines], layout_long_grid,
          lightli_vaults_fourway_checkpoint, serial_glass, glass_columns_c,
          glass_columns_a, glass_columns_c, glass_columns_a, glass_columns_a,
          glass_columns_b, uniq_frances, uniq_urug
D:14:     layout_cave_pools, good_gods_temple_1
D:15:     gammafunk_depths_entry_grave, layout_loops_ring, abandoned_shop,
          uniq_louise, uniq_nessos
Temple:   nicolae_temple_x_marks_the_god
Lair:1:   layout_roguey, maelrawn_ghost_gauntlet_escape, serial_bayou_pond_d,
          grunt_megastairs_3
Lair:2:   layout_roguey, spider_nest_entry_rubble
Lair:3:   layout_chaotic_city, palyth_hydra_swamp_entry
Lair:4:   layout_small_grid, serial_rivers, chequers_serial_rivers_large_a,
          chequers_serial_rivers_room_a, chequers_serial_rivers_small_a,
          chequers_serial_rivers_micro_c, nicolae_lair_lindhole
Lair:5:   hellmonk_lair_end_abyssal_woods, layout_cave_pods,
          nicolae_slime_entry_slimehenge
Swamp:1:  layout_basic_swamp, gammafunk_ghost_grave,
          evilmike_swamp_ruin_rubble_2
Swamp:2:  layout_basic_swamp, hangedman_swamp_pad, nicolae_swamp_tree_isthmus,
          nicolae_swamp_decorative_isthmus, infiniplex_staircase_pool
Swamp:3:  layout_basic_swamp, nicolae_swamp_tree_designs
Swamp:4:  swamp_alternative, layout_basic_swamp, swamp_pool_4, uniq_roxanne,
          uniq_donald

Skill      XL: |  1  2  3  4  5  6  7  8  9 10 11 12 13 14 15 16 |
---------------+-------------------------------------------------+-----
Spellcasting   | 5 6 7 8 9 10 11 12 | 12.6
Invocations    | 1 2 3 4 5 6 7 8 10 11 12 | 12.7
Fighting       | 1 2 3 4 5 6 7 8 9 10 11 | 11.7
Short Blades   | 1 2 3 4 5 6 7 8 9 10 11 | 11.7
Long Blades    | 1 2 3 4 5 6 7 8 9 10 11 | 11.7
Axes           | 1 2 3 4 5 6 7 8 9 10 11 | 11.7
Maces & Flails | 1 2 3 4 5 6 7 8 9 10 11 | 11.7
Polearms       | 1 2 3 4 5 6 7 8 9 10 11 | 11.7
Staves         | 1 2 3 4 5 6 7 8 9 10 11 | 11.7
Ranged Weapons | 1 2 3 4 5 6 7 8 9 10 11 | 11.7
Throwing       | 1 2 3 4 5 6 7 8 9 10 11 | 11.7
Armour         | 1 2 3 4 5 6 7 8 9 10 11 | 11.7
Shields        | 1 2 3 4 5 6 7 8 9 10 11 | 11.7
Unarmed Combat | 1 2 3 4 5 6 7 8 9 10 11 | 11.7
Evocations     | 1 2 3 4 5 6 7 8 9 10 11 | 11.7
Shapeshifting  | 1 2 3 4 5 6 7 8 9 10 | 10.7
Hexes          | 1 2 3 4 5 6 7 8 9 |  9.9
Summonings     | 1 2 3 4 5 6 7 8 9 |  9.9
Necromancy     | 1 2 3 4 5 6 7 8 9 |  9.9
Translocations | 1 2 3 4 5 6 7 8 9 |  9.9
Fire Magic     | 1 2 3 4 5 6 7 8 9 |  9.9
Ice Magic      | 1 2 3 4 5 6 7 8 9 |  9.9
Air Magic      | 1 2 3 4 5 6 7 8 9 |  9.9
Earth Magic    | 1 2 3 4 5 6 7 8 9 |  9.9
Alchemy        | 1 2 3 4 5 6 7 8 9 |  9.9
Dodging        | 5 6 7 8 9 10 11 12 | 12.5
Stealth        | 5 6 7 8 9 10 11 12 | 12.4
Conjurations   | 8 9 10 11 12 | 12.1

Action                     |  1- 3 |  4- 6 |  7- 9 | 10-12 | 13-15 | 16-18 || total
---------------------------+-------+-------+-------+-------+-------+-------++-------
  Melee: Short sword       |    17 |       |       |       |       |       ||    17
         Bite              |     3 |       |     9 |    28 |   121 |    62 ||   223
         Demon blade       |     4 |    10 |    89 |   273 |   723 |   293 ||  1392
         Punch             |       |       |     1 |     2 |       |       ||     3
         Demon trident     |       |       |       |       |       |    54 ||    54
         Spear             |       |       |       |       |       |     6 ||     6
   Cast: Magic Dart        |    65 |    66 |   122 |   185 |    47 |    26 ||   511
         Searing Ray       |     1 |     2 |     3 |    13 |    27 |       ||    46
         Iskenderun's Myst |       |       |       |    30 |    34 |     2 ||    66
         Hailstorm         |       |       |       |    19 |       |       ||    19
         Arcjolt           |       |       |       |     1 |    25 |    13 ||    39
         Fulminant Prism   |       |       |       |       |     6 |     1 ||     7
         Dimensional Bulls |       |       |       |       |     3 |       ||     3
         Orb of Destructio |       |       |       |       |       |     1 ||     1
 Invoke: Renounce Religion |       |       |       |     1 |       |       ||     1
  Evoke: Wand              |       |       |     1 |     6 |    16 |       ||    23
         Phantom mirror    |       |       |       |     1 |     2 |     1 ||     4
         Lightning rod     |       |       |       |     4 |     8 |     1 ||    13
         Phial of floods   |       |       |       |       |       |     1 ||     1
         Condenser vane    |       |       |       |       |       |     1 ||     1
    Use: Scroll            |     7 |    11 |     3 |    17 |    15 |     8 ||    61
         Potion            |     1 |     2 |       |     1 |     5 |     6 ||    15
   Stab: Sleeping          |       |     1 |     1 |     1 |    23 |    13 ||    39
         Distracted        |       |       |       |     1 |     3 |     2 ||     6
         Petrified         |       |       |       |       |     2 |       ||     2
         Invisible         |       |       |       |       |       |     6 ||     6
 Armour: Robe              |    12 |    13 |       |       |       |       ||    25
         Skin              |     7 |     3 |       |       |       |       ||    10
         Troll leather arm |       |     4 |    78 |   214 |   505 |   246 ||  1047
  Dodge: Dodged            |    23 |    19 |   126 |   305 |   574 |   277 ||  1324
  Block: Buckler           |       |       |       |   106 |   416 |   190 ||   712
